 Dungeon Crawl Stone Soup version 0.25-a0-523-g9afb2ee040 (webtiles) character file.

Game seed: 8471754025011683339, levelgen mode: deterministic

35233 Flugslaktarn the Cleaver (level 13, -1/124 HPs)
             Began as a Deep Dwarf Fighter on Feb 18, 2020.
             Was the Champion of Makhleb.
             Slain by Agnes
             ... wielding a +4 lajatang of electrocution
              (25 damage)
             ... on level 15 of the Dungeon.
             The game lasted 00:08:53 (8700 turns).

Flugslaktarn the Cleaver (Deep Dwarf Fighter)       Turns: 8700, Time: 00:08:54

Health: -1/124     AC: 21    Str: 30    XL:     13   Next: 46%
Magic:  8/8        EV: 13    Int:  7    God:    Makhleb [******]
Gold:   365        SH: 18    Dex: 12    Spells: 12/12 levels left

rFire    . . .     SeeInvis .   l - +1 broad axe (flame)
rCold    . . .     Gourm    .   m - +0 kite shield
rNeg     . . .     Faith    .   N - +0 chain mail {rF+}
rPois    .         Spirit   .   b - +0 helmet of the Armadillo {rF- Str+3}
rElec    .         Reflect  +   Q - +0 cloak {MR+}
rCorr    .         Harm     .   R - +2 pair of gloves
MR       ++...     Clarity  +   E - +0 pair of boots
Stlth    ..........             H - +5 amulet of reflection
HPRegen  0.00/turn              g - +1 ring of evasion
MPRegen  0.11/turn              K - +4 ring of evasion

@: non-regenerating
A: damage resistance, heal wounds, talons 1, rugged brown scales 1, clarity,
dopey 1, sense surroundings 2, strong 1, no regeneration
a: Heal Wounds, Minor Destruction, Lesser Servant of Makhleb, Major Destruction,
Greater Servant of Makhleb, Renounce Religion


You were on level 15 of the Dungeon.
You worshipped Makhleb.
Makhleb was exalted by your worship.
You were hungry.

You visited 1 branch of the dungeon, and saw 15 of its levels.

You collected 876 gold pieces.
You spent 511 gold pieces at shops.

Inventory:

Hand Weapons
 l - a +1 broad axe of flaming (weapon)
   (You bought it in a shop on level 9 of the Dungeon)
Armour
 b - the +0 helmet of the Armadillo (worn) {rF- Str+3}
   (You found it on level 10 of the Dungeon)

   It affects your strength (+3).
   It makes you vulnerable to fire.
   If you remove this armour, your AC will decrease by 2 (21 -> 19).
 h - a +1 chain mail
   (You found it on level 4 of the Dungeon)
 m - a +0 kite shield (worn)
 D - a +0 helmet
   (You found it on level 7 of the Dungeon)
 E - a +0 pair of boots (worn)
   (You found it on level 7 of the Dungeon)
 N - a +0 chain mail of fire resistance (worn)
   (You found it on level 10 of the Dungeon)
 Q - a +0 cloak of magic resistance (worn)
   (You took it off Maurice on level 9 of the Dungeon)
 R - a +2 pair of gloves (worn)
   (You found it on level 2 of the Dungeon)
Jewellery
 c - an uncursed ring of protection from cold
   (You found it on level 4 of the Dungeon)
 g - a +1 ring of evasion (left hand)
   (You found it on level 9 of the Dungeon)
 k - an uncursed ring of resist corrosion
   (You found it on level 4 of the Dungeon)
 G - an uncursed ring of fire
   (You found it on level 8 of the Dungeon)
 H - a +5 amulet of reflection (around neck)
   (You found it on level 8 of the Dungeon)
 K - a +4 ring of evasion (right hand)
   (You found it on level 10 of the Dungeon)
Wands
 v - a wand of digging (9)
   (You took it off an orc on level 12 of the Dungeon)
 y - a wand of acid (13)
   (You found it on level 6 of the Dungeon)
 J - a wand of iceblast (10)
   (You found it on level 10 of the Dungeon)
Scrolls
 i - 3 scrolls of fear {unknown}
 r - 2 scrolls of identify
 t - 11 scrolls of teleportation
 w - a scroll of remove curse
 x - 4 scrolls of fog
 z - a scroll of blinking
 F - a scroll of immolation
 S - a scroll of enchant armour
Potions
 d - 2 potions of might
 f - 4 potions of heal wounds
 j - 2 potions of stabbing
 n - a potion of resistance
 o - a potion of magic
 p - 2 potions of berserk rage
 q - 9 potions of curing
 s - 2 potions of haste
 u - a potion of mutation
 A - 2 potions of lignification {unknown}
 B - 2 potions of ambrosia {unknown}
 I - 8 potions of brilliance
 P - 2 potions of cancellation
Miscellaneous
 M - a lamp of fire
   (You found it on level 10 of the Dungeon)
Comestibles
 a - 11 chunks of flesh
 e - 26 rations


   Skills:
 + Level 9.4 Fighting
 * Level 14.6 Axes
 + Level 11.0 Armour
 + Level 11.1 Shields
 + Level 11.5 Invocations


You had 12 spell levels left.
You didn't know any spells.
Your spell library was empty.

Dungeon Overview and Level Annotations

Branches:
Dungeon (15/15)            Temple (0/1) D:6            Lair (0/6) D:11
    Orc (0/2) D:12         Vaults (0/5) D:14
 Depths: D:15

Altars:
Ashenzari
Dithmenos
Elyvilon
Gozag
Kikubaaqudgha
Makhleb
Nemelex Xobeh
Qazlal
Ru
Trog
Wu Jian
Beogh

Shops:
D:5 :   D:6 *   D:9 (   D:10 (   D:12 !

Annotations:
D:13 3 runed translucent doors, EnegeticOcto's ghost, journeyman DDFi
D:14 1 runed translucent door, EnegeticOcto's ghost, journeyman DDFi
D:15 Agnes


Innate Abilities, Weirdness & Mutations

You are resistant to damage.
You can heal yourself by infusing magical energy.
You passively map the area around you.
You do not regenerate.
You have sharp toenails.
You are partially covered in rugged brown scales. (AC +1, +3% HP)
You possess an exceptional clarity of mind.
You are dopey. (Int -2)
Your muscles are strong. (Str +2)


Message History

You slash the wyvern skeleton! You burn the wyvern skeleton.
You destroy the wyvern skeleton!
Makhleb accepts your kill.
You feel better.
You slash the brown ugly thing! You burn the brown ugly thing.
Agnes bows.
You block Agnes's attack.
The brown ugly thing tentacle-slaps you but does no damage.
Agnes hits you with a +4 lajatang of electrocution!
* * * LOW HITPOINT WARNING * * *
You barely miss Agnes.
Agnes is heavily wounded.
You closely miss the brown ugly thing.
Agnes hits you with a +4 lajatang of electrocution!
* * * LOW HITPOINT WARNING * * *
You block the brown ugly thing's attack.
You miss Agnes.
Agnes is heavily wounded.
You hit the brown ugly thing but do no damage.
Agnes hits you with a +4 lajatang of electrocution!!
You die...

., , ,, , .......... , , ., ,
, ........... ,, .,,, , ,
............ , , . , ,
,,...........,, ,
#################..........,
...........................
...........................,,
.?.........................
................@u.........,
#################i......... ,
, ,........(........ , , ,
.....<....../.... , ≈
................. , , ≈ ≈
................. , * ≈≈
................. , ≈ ≈
,......=..........
≈....)....$....... ,


You could see Agnes and a brown ugly thing.

Vanquished Creatures
  A very ugly thing (D:13)
  A fire dragon (shapeshifter) (D:13)
  4 vault guards (D:14)
  2 centaur warriors (D:13)
  The ghost of Nefarium the Geomancer, a journeyman GrEE of Ashenzari (D:10)
  4 two-headed ogres
  2 tengu warriors (D:15)
  An unseen horror (D:14)
  A wizard (D:14)
  Pikel (D:4)
  6 ugly things
  A cyclops (D:13)
  A manticore (D:14)
  3 centaur zombies
  3 gargoyles
  Maurice (D:9)
  A centaur skeleton (D:13)
  A kobold demonologist (D:14)
  5 trolls
  4 slime creatures (D:12)
  A meliai zombie (D:13)
  5 hippogriffs
  A hippogriff (shapeshifter) (D:14)
  2 shadows
  5 wyverns
  14 yaks
  7 humans (D:14)
  3 wraiths
  A basilisk (D:14)
  2 hungry ghosts
  2 wargs (D:11)
  A soldier ant (D:12)
  An acid dragon (D:11)
  A soldier ant (shapeshifter) (D:13)
  A meliai simulacrum (D:14)
  10 orc warriors
  4 sky beasts
  A hornet zombie (D:9)
  4 ice beasts
  3 black bears
  A slave (D:4)
  5 ogres
  13 centaurs
  2 crocodiles (D:9)
  3 big kobolds
  10 bullfrogs
  A wyvern zombie (D:10)
  6 scorpions
  4 wyvern skeletons
  4 killer bees (D:11)
  4 wights (D:9)
  6 howler monkeys
  10 crimson imps
  3 bullfrog zombies
  A quasit (D:10)
  3 hounds
  4 jellies
  A bullfrog skeleton (D:7)
  11 orc priests
  7 iguanas
  18 orc wizards
  11 worker ants
  A howler monkey zombie (D:6)
  16 adders
  4 shadow imps
  2 adder skeletons
  3 worms
  4 dart slugs
  5 leopard geckos
  70 orcs
  3 giant cockroaches
  2 goblins
  3 hobgoblins
  6 jackals
  A quokka (D:4)
  A ball python (D:4)
  7 frilled lizards
  A giant cockroach zombie (D:6)
  12 kobolds
  A leopard gecko zombie (D:7)
  A quokka skeleton (D:4)
  A quokka zombie (D:6)
  2 rats
387 creatures vanquished.

Vanquished Creatures (collateral kills)
  A glowing orange brain (D:13)
  4 ugly things
5 creatures vanquished.

Vanquished Creatures (others)
  A vault guard (D:14)
  A phantom (D:4)
  A centaur (D:15)
  An orc (D:12)
4 creatures vanquished.

Grand Total: 396 creatures vanquished

Notes
Turn   | Place    | Note
-------+----------+-------------------------------------------
     0 | D:1      | Flugslaktarn the Deep Dwarf Fighter began the quest for the
                  | Orb.
     0 | D:1      | Reached XP level 1. HP: 20/20 MP: 1/1
   202 | D:2      | Reached XP level 2. HP: 27/27 MP: 2/2
   317 | D:2      | Reached skill level 3 in Axes
   317 | D:2      | Reached XP level 3. HP: 23/33 MP: 3/3
   416 | D:2      | Reached XP level 4. HP: 42/42 MP: 4/4
   462 | D:2      | Found a shattered altar of Ashenzari.
   462 | D:2      | Found a sparkling altar of Nemelex Xobeh.
   472 | D:2      | Found a faded altar of an unknown god.
   479 | D:2      | Found a faded altar of an unknown god.
   481 | D:2      | Found an ancient bone altar of Kikubaaqudgha.
   667 | D:3      | Reached skill level 4 in Axes
   667 | D:3      | Reached XP level 5. HP: 30/49 MP: 5/5
   885 | D:4      | Reached XP level 6. HP: 33/56 MP: 6/6
   910 | D:4      | Noticed a slave
   914 | D:4      | Noticed Pikel
   915 | D:4      | Noticed a slave
   916 | D:4      | Noticed a slave
   928 | D:4      | Noticed a slave
   955 | D:4      | Killed a slave
   961 | D:4      | Killed Pikel
   961 | D:4      | Reached skill level 6 in Axes
   961 | D:4      | Reached skill level 5 in Armour
   961 | D:4      | Reached skill level 5 in Shields
   961 | D:4      | Reached XP level 7. HP: 16/64 MP: 7/7
  1164 | D:4      | Found a burning altar of Makhleb.
  1288 | D:4      | Became a worshipper of Makhleb the Destroyer
  1303 | D:5      | Entered Level 5 of the Dungeon
  1405 | D:5      | Reached skill level 1 in Invocations
  1562 | D:5      | Found Neiva's Book Boutique.
  1778 | D:5      | Found a shadowy altar of Dithmenos.
  1779 | D:5      | Found an ornate altar of the Wu Jian Council.
  1779 | D:5      | Found a stormy altar of Qazlal.
  1779 | D:5      | Found a sacrificial altar of Ru.
  1785 | D:5      | Found an opulent altar of Gozag.
  1785 | D:5      | Found a bloodstained altar of Trog.
  1979 | D:6      | Reached XP level 8. HP: 36/73 MP: 7/7
  1988 | D:6      | Reached skill level 7 in Axes
  2121 | D:6      | Found Ifasuf's Assorted Antiques.
  2152 | D:6      | Reached * piety under Makhleb
  2170 | D:6      | Bought a scroll labeled HYOWAI HEIB INA for 26 gold pieces
  2170 | D:6      | Bought a fuming puce potion for 23 gold pieces
  2170 | D:6      | Bought a yellow potion for 23 gold pieces
  2199 | D:6      | Bought a black potion for 23 gold pieces
  2282 | D:6      | Reached skill level 5 in Fighting
  2315 | D:6      | Found a staircase to the Ecumenical Temple.
  2741 | D:7      | Reached skill level 8 in Axes
  2821 | D:7      | Gained mutation: You passively map the area around you.
                  | [Deep Dwarf growth]
  2821 | D:7      | Reached XP level 9. HP: 81/81 MP: 9/9
  3440 | D:8      | Reached ** piety under Makhleb
  3631 | D:8      | Found a white marble altar of Elyvilon.
  3705 | D:8      | Reached skill level 5 in Invocations
  3738 | D:8      | Reached skill level 9 in Axes
  3979 | D:9      | Noticed a troll
  3993 | D:9      | Killed a troll
  4051 | D:9      | Noticed Maurice
  4333 | D:9      | Reached XP level 10. HP: 59/91 MP: 11/11
  4342 | D:9      | Noticed a two-headed ogre
  4356 | D:9      | Killed a two-headed ogre
  4356 | D:9      | Reached skill level 10 in Axes
  4445 | D:9      | Gained mutation: Scrolls take you a little longer to read.
                  | [potion of mutation]
  4445 | D:9      | Gained mutation: You have sharp toenails. [potion of
                  | mutation]
  4445 | D:9      | Gained mutation: Your flesh is cold resistant. (rC+)
                  | [potion of mutation]
  4445 | D:9      | Gained mutation: You possess an exceptional clarity of
                  | mind. [potion of mutation]
  4508 | D:9      | Found Cewkuy's Antique Weapon Shoppe.
  4520 | D:9      | Killed Maurice
  4536 | D:9      | Bought a broad axe for 96 gold pieces
  4728 | D:10     | Entered Level 10 of the Dungeon
  4829 | D:10     | Reached *** piety under Makhleb
  4845 | D:10     | Found a roughly hewn altar of Beogh.
  4953 | D:10     | Found a runed translucent gate.
  4953 | D:10     | Found a runed translucent gate.
  4954 | D:10     | Noticed Nefarium's ghost (journeyman GrEE)
  4954 | D:10     | Found a runed translucent gate.
  4954 | D:10     | Identified the cursed +2 rapier of Extermination {flame,
                  | MR+ Str+3 Int+4}
  4954 | D:10     | Identified the +2 chain mail of the Echidna {+Fly MR-
                  | Str+6}
  5042 | D:10     | Noticed a two-headed ogre
  5052 | D:10     | Killed a two-headed ogre
  5150 | D:10     | Reached skill level 11 in Axes
  5180 | D:10     | Found Guobruh's Antique Weapon Emporium.
  5427 | D:10     | Found a roughly hewn altar of Beogh.
  5498 | D:10     | Killed Nefarium's ghost
  5498 | D:10     | Reached **** piety under Makhleb
  5498 | D:10     | Reached XP level 11. HP: 92/100 MP: 10/10
  5525 | D:10     | Got a brightly glowing helmet
  5539 | D:10     | Identified the +0 helmet of the Armadillo {rF- Str+3} (You
                  | found it on level 10 of the Dungeon)
  5715 | D:11     | Noticed a red ugly thing
  5719 | D:11     | Noticed a white ugly thing
  5725 | D:11     | Killed a red ugly thing
  5732 | D:11     | Killed a red ugly thing
  5874 | D:11     | Found a staircase to the Lair.
  6077 | D:12     | Reached skill level 12 in Axes
  6127 | D:12     | Reached ***** piety under Makhleb
  6143 | D:12     | Found Gury's Distillery.
  6155 | D:12     | Bought a potion of resistance for 160 gold pieces
  6155 | D:12     | Bought a potion of haste for 160 gold pieces
  6376 | D:12     | Found a staircase to the Orcish Mines.
  6964 | D:13     | Noticed a purple ugly thing
  6978 | D:13     | Killed a purple ugly thing
  6978 | D:13     | Reached XP level 12. HP: 110/110 MP: 13/13
  7048 | D:13     | Noticed a two-headed ogre
  7060 | D:13     | Noticed a two-headed ogre
  7064 | D:13     | Killed a two-headed ogre
  7064 | D:13     | Reached skill level 13 in Axes
  7070 | D:13     | Killed a two-headed ogre
  7070 | D:13     | Reached skill level 10 in Shields
  7070 | D:13     | Reached skill level 10 in Invocations
  7318 | D:13     | Reached skill level 10 in Armour
  7326 | D:13     | Noticed a centaur warrior
  7335 | D:13     | Killed a centaur warrior
  7340 | D:13     | Noticed a centaur warrior
  7346 | D:13     | Killed a centaur warrior
  7428 | D:13     | Found a runed translucent gate.
  7428 | D:13     | Found a runed translucent gate.
  7428 | D:13     | Found a runed translucent gate.
  7432 | D:13     | Noticed a white very ugly thing
  7503 | D:13     | Noticed a fire dragon
  7534 | D:13     | Killed a fire dragon
  7723 | D:13     | Killed a green very ugly thing
  7726 | D:13     | Noticed a centaur warrior
  7736 | D:13     | Found a runed translucent gate.
  7736 | D:13     | Found a runed translucent gate.
  7741 | D:13     | Noticed EnegeticOcto's ghost (journeyman DDFi)
  7743 | D:13     | Noticed a cacodemon
  7745 | D:13     | Found a runed translucent gate.
  7757 | D:13     | Lost mutation: Scrolls take you a little longer to read.
                  | [potion of mutation]
  7757 | D:13     | Lost mutation: Your flesh is cold resistant. (rC+) [potion
                  | of mutation]
  7757 | D:13     | Gained mutation: You are dopey. (Int -2) [potion of
                  | mutation]
  7757 | D:13     | Gained mutation: Your muscles are strong. (Str +2) [potion
                  | of mutation]
  7757 | D:13     | Gained mutation: You are partially covered in rugged brown
                  | scales. (AC +1, +3% HP) [potion of mutation]
  7814 | D:14     | Reached skill level 14 in Axes
  7849 | D:14     | Reached XP level 13. HP: 60/123 MP: 9/9
  7984 | D:14     | Found a runed translucent door.
  8102 | D:14     | Reached ****** piety under Makhleb
  8525 | D:14     | Found a gate to the Vaults.
  8585 | D:14     | Noticed EnegeticOcto's ghost (journeyman DDFi)
  8598 | D:15     | Entered Level 15 of the Dungeon
  8668 | D:15     | Noticed Agnes
  8700 | D:15     | Slain by Agnes

Levels and vault maps discovered:
D:1:      psy_arrival_heroes, layout_basic, dk_noncrumbling_4
D:2:      layout_loops_cross, chequers_temple_overflow_minitemple
D:3:      layout_rooms, serial_corexii_hall, corexii_hall_statues_x,
          chequers_hall_statues_corner_a, corexii_hall_statues_u, first_ration,
          gammafunk_ghost_grave, roderic_malta_cross
D:4:      layout_rooms, makhleb_grotto_becter, uniq_pikel
D:5:      layout_loops_ring, minmay_overflow_temple_hex, serial_shops,
          nicolae_shop_trees, kennysheep_generic_room_5
D:6:      layout_loops_ring, minmay_temple_entry_from_below_a, serial_shops,
          kennysheep_little_box
D:7:      layout_basic, nicolae_zen_rock_garden
D:8:      layout_loops_ring, lemuel_crystal_altar
D:9:      layout_roguey, serial_shops, shop, uniq_maurice
D:10:     layout_roguey [special_room_orc], serial_shops, shop_fountains,
          biasface_ghost_orc_armoury
D:11:     layout_rooms, erik_lair_orcish_takeover
D:12:     layout_gridville, orc_0_dummy, serial_shops, shop
D:13:     layout_gridville, ploomutoo_gammafunk_ghost_potion_laboratory
D:14:     layout_long_grid, ximxim_vaults_locker_room, gammafunk_ghost_grave,
          minmay_fountain_box
D:15:     grunt_enter_depths_giant_problem, layout_grid_maze, chequers_jeans,
          uniq_agnes

Skill      XL: |  1  2  3  4  5  6  7  8  9 10 11 12 13 |
---------------+----------------------------------------+-----
Axes           | 3 4 6 8 9 11 12 14 | 14.6
Fighting       | 3 4 5 6 7 8 9 |  9.4
Armour         | 4 5 6 7 8 9 10 11 | 11.0
Shields        | 4 5 6 7 8 9 10 11 | 11.1
Invocations    | 1 4 6 7 9 10 11 | 11.5

Action                   |  1- 3 |  4- 6 |  7- 9 | 10-12 | 13-15 || total
-------------------------+-------+-------+-------+-------+-------++-------
Melee: War axe           |    52 |   173 |   455 |    38 |       ||   718
       Broad axe         |       |       |       |   614 |   180 ||   794
Invok: Lesser Servant of |       |       |       |     2 |     1 ||     3
 Abil: Heal Wounds       |     1 |     3 |     6 |    22 |     5 ||    37
Evoke: Lamp of fire      |       |       |       |     1 |       ||     1
  Use: Scroll            |       |       |    14 |    10 |       ||    24
       Potion            |       |       |       |     3 |       ||     3
 Stab: Distracted        |       |       |       |     3 |       ||     3
  Eat: Chunk             |       |     1 |    12 |    13 |     3 ||    29
Armor: Scale mail        |    16 |    83 |     7 |       |       ||   106
       Chain mail        |       |       |   325 |   332 |    72 ||   729
Dodge: Dodged            |    18 |    63 |    96 |   209 |    62 ||   448
Block: Kite shield       |    24 |   108 |   265 |   527 |   155 ||  1079
       Reflection        |       |       |       |    23 |     5 ||    28

Table legend:
 A = Non-vault XP
 B = Vault XP
 C = Vault XP percentage of total XP
 D = Non-vault monster count
 E = Vault monster count
 F = Vault count percentage of total count
                 A         B        C        D         E       F
            +---------+---------+-------+---------+---------+-------
      Total |   36547 |   13786 |  27.4 |     323 |      71 |  18.0
            +---------+---------+-------+---------+---------+-------
        D:1 |       6 |       0 |   0.0 |       3 |       0 |   0.0
        D:2 |     134 |       0 |   0.0 |      19 |       0 |   0.0
        D:3 |      98 |       0 |   0.0 |      23 |       0 |   0.0
        D:4 |     236 |     657 |  73.6 |      13 |       2 |  13.3
        D:5 |      95 |     181 |  65.6 |       5 |       3 |  37.5
        D:6 |     971 |       0 |   0.0 |      26 |       0 |   0.0
        D:7 |    1093 |       0 |   0.0 |      23 |       0 |   0.0
        D:8 |     756 |       0 |   0.0 |      19 |       0 |   0.0
        D:9 |    2786 |     449 |  13.9 |      22 |       1 |   4.3
       D:10 |    1885 |    1808 |  49.0 |      19 |      37 |  66.1
       D:11 |    4151 |     643 |  13.4 |      25 |       8 |  24.2
       D:12 |    3783 |       2 |   0.1 |      33 |       1 |   2.9
       D:13 |   12086 |    4679 |  27.9 |      50 |       8 |  13.8
       D:14 |    5414 |    5367 |  49.8 |      35 |      11 |  23.9
       D:15 |    3053 |       0 |   0.0 |       8 |       0 |   0.0
            +---------+---------+-------+---------+---------+-------
